 Dungeon Crawl Stone Soup version 0.28-b1-25-g9875b3fc8c (webtiles) character file.

Game seed: 12445718786080056965

1103 crazypyro the Cleaver (level 8, -10/66 HPs)
             Began as a Minotaur Fighter on Feb 2, 2022.
             Was an Initiate of Gozag.
             Mangled by a two-headed ogre (13 damage)
             ... on level 5 of the Dungeon.
             The game lasted 00:04:35 (5051 turns).

crazypyro the Cleaver (Minotaur Fighter)            Turns: 5051, Time: 00:04:37

Health: -10/66     AC: 12    Str: 22    XL:     8   Next: 10%
Magic:  7/7        EV: 10    Int:  5    God:    Gozag
Gold:   380        SH:  5    Dex: 11    Spells: 7/7 levels left

rFire   . . .      SeeInvis +   a - +1 war axe
rCold   . . .      Faith    .   c - +0 buckler
rNeg    . . .      Spirit   .   b - +0 scale mail
rPois   .          Reflect  .   (helmet restricted)
rElec   .          Harm     .   (no cloak)
rCorr   .          Rampage  .   d - +0 pair of gloves
Will    .....                   (no boots)
Stlth   ..........              (no amulet)
HPRegen 0.21/turn               g - ring of see invisible
MPRegen 0.10/turn               h - +4 ring of protection

@: no status effects
A: horns 2, retaliatory headbutt
a: Renounce Religion, Potion Petition, Call Merchant, Bribe Branch


You were on level 5 of the Dungeon.
You worshipped Gozag.
Gozag was aware of your devotion.
You visited 2 branches of the dungeon, and saw 7 of its levels.

You collected 448 gold pieces.
You paid 68 gold pieces to Gozag.

Inventory:

Hand Weapons
 a - a +1 war axe (weapon)
Armour
 b - a +0 scale mail (worn)
 c - a +0 buckler (worn)
 d - a +0 pair of gloves (worn)
Jewellery
 g - a ring of see invisible (left hand)
 h - a +4 ring of protection (right hand)
 i - a ring of fire
Wands
 j - a wand of flame (20)
Scrolls
 l - a scroll of blinking {unknown}
 n - a scroll of torment {unknown}
 o - a scroll of teleportation
 p - a scroll of summoning {unknown}
 q - a scroll of fog {unknown}
 r - 2 scrolls of immolation {unknown}
 s - a scroll of enchant armour {unknown}
 t - a scroll of acquirement {unknown}
Potions
 e - 2 potions of curing
 f - 2 potions of heal wounds
 k - a potion of flight {unknown}
 m - 2 potions of haste


   Skills:
 - Level 4.0 Fighting
 * Level 9.3 Axes
 + Level 5.4 Armour
 + Level 3.1 Dodging
 + Level 5.4 Shields


You had 7 spell levels left.
You didn't know any spells.
Your spell library contained the following spells:

 Spells                   Type           Power      Damage    Failure   Level
 Magic Dart               Conj           0%         1d3       86%         1
 Summon Small Mammal      Summ           0%         N/A       86%         1
 Call Imp                 Summ           0%         N/A       95%         2
 Static Discharge         Conj/Air       0%         N/A       95%         2
 Call Canine Familiar     Summ           0%         N/A       99%         3
 Dazzling Flash           Conj/Hex       0%         N/A       99%         3
 Mephitic Cloud           Conj/Pois/Air  0%         N/A       99%         3
 Summon Guardian Golem    Hex/Summ       0%         N/A       99%         3
 Dispel Undead            Necr           0%         3d6       100%        4
 Iskenderun's Mystic Bla  Conj/Tloc      0%         2d3       100%        4
 Sticky Flame             Conj/Fire      0%         2d3       100%        4
 Starburst                Conj/Fire      0%         6d3       100%        6


Dungeon Overview and Level Annotations

Branches:
Dungeon (6/15)             Temple (1/1) D:4

Altars:
Ashenzari
Dithmenos
Gozag
Makhleb
Nemelex Xobeh
Qazlal
Xom
Yredelemnul
The Shining One


Innate Abilities, Weirdness & Mutations

You have a pair of horns on your head.
You reflexively headbutt those who attack you in melee.


Message History

You climb downwards.
The adder hisses angrily.
The adder bites you but does no damage.
Found a fizzy inky potion and a short sword.
Found an escape hatch in the ceiling.
There is a stone staircase leading up here.
You are too injured to fight recklessly!
You are too injured to fight recklessly!
You miss the adder. Your headbutt misses the adder.
The adder bites you but does no damage.
You miss the adder. Your headbutt misses the adder.
The adder bites you but does no damage. The adder barely misses you.
You furiously retaliate!
You headbutt the adder! You hit the adder.
You kill the adder!
You now have 380 gold pieces (gained 6).
HP restored.
k - a fizzy inky potion
There is a stone staircase leading up here.
You climb upwards.
The two-headed ogre hits you with a +0 giant club!!
The two-headed ogre misses you.
There is a stone staircase leading down, spattered with blood here.
You barely miss the two-headed ogre. You headbutt the two-headed ogre.
The two-headed ogre is lightly wounded.
The two-headed ogre hits you with a +0 giant club!!
The two-headed ogre hits you with a +0 giant club.
You are too injured to fight recklessly!
You are too injured to fight recklessly!
You slash the two-headed ogre! You headbutt the two-headed ogre.
The two-headed ogre is moderately wounded.
The two-headed ogre misses you. You furiously retaliate!
You headbutt the two-headed ogre. The two-headed ogre barely misses you.
You hit the two-headed ogre.
The two-headed ogre is moderately wounded.
The two-headed ogre hits you with a +0 giant club!!
* * * LOW HITPOINT WARNING * * *
The two-headed ogre hits you with a +0 giant club!
You die...
Your body crumbles into a pile of gold.

##..##
###.....### ##..#
#..#
###..###....#
#..## #..#
##...## ##...#
##.## ##..#
#..### ##..#
##.## #..## #..#
#..# ##.## .###
#..## ##.## ##.##
## ##..## #..#
#..# # ##..##
##.## #..#
##..###.@## #..#
##....O..#####..#
##........##..##
#............#
##....###.....#
#...#####.....##
#..## #.......###
### ## ### #..#
#.........###.##
.###.## #..#
#..............#


You could see a two-headed ogre.

Vanquished Creatures
  Grinder (D:3)
  2 ice beasts (D:5)
  4 ogres
  A phantom (D:5)
  A hound (D:5)
  An orc priest (D:3)
  An iguana (D:5)
  An orc wizard (D:3)
  2 hound skeletons
  Robin (D:2)
  A gnoll (D:5)
  6 adders
  An adder skeleton (D:4)
  2 worms
  5 orcs
  8 endoplasms
  2 giant cockroaches
  19 goblins
  9 hobgoblins
  4 jackals (D:2)
  2 quokkas
  13 ball pythons
  3 bats
  2 frilled lizards
  7 kobolds
  4 rats
103 creatures vanquished.

Notes
Turn   | Place    | Note
-------+----------+-------------------------------------------
     0 | D:1      | crazypyro the Minotaur Fighter began the quest for the Orb.
     0 | D:1      | Reached XP level 1. HP: 19/19 MP: 0/0
   137 | D:1      | Reached XP level 2. HP: 22/27 MP: 1/1
   435 | D:1      | Reached skill level 3 in Axes
   849 | D:2      | Found a faded altar of an unknown god.
   854 | D:2      | Reached XP level 3. HP: 33/33 MP: 2/2
   869 | D:2      | Noticed Robin
   874 | D:2      | Killed Robin
   879 | D:2      | Reached skill level 4 in Axes
  1306 | D:2      | Reached XP level 4. HP: 40/40 MP: 3/3
  1711 | D:3      | Reached skill level 5 in Axes
  1714 | D:3      | Reached XP level 5. HP: 29/46 MP: 4/4
  1734 | D:3      | Noticed Grinder
  1744 | D:3      | Killed Grinder
  1745 | D:3      | Reached skill level 7 in Axes
  1745 | D:3      | Reached XP level 6. HP: 26/52 MP: 5/5
  2874 | D:4      | Reached skill level 8 in Axes
  2874 | D:4      | Reached skill level 1 in Dodging
  3002 | D:4      | Found a staircase to the Ecumenical Temple.
  3084 | Temple   | Entered the Ecumenical Temple
  3090 | Temple   | Became a worshipper of Gozag Ym Sagoz the Greedy
  3318 | D:5      | Entered Level 5 of the Dungeon
  3318 | D:5      | Noticed an ice beast
  3326 | D:5      | Killed an ice beast
  3327 | D:5      | Reached XP level 7. HP: 35/59 MP: 6/6
  3491 | D:5      | Reached skill level 5 in Armour
  3491 | D:5      | Reached skill level 5 in Shields
  3796 | D:5      | Reached skill level 9 in Axes
  3903 | D:5      | Reached XP level 8. HP: 63/66 MP: 7/7
  4742 | D:6      | Noticed a two-headed ogre
  5051 | D:5      | HP: 3/66 [two-headed ogre (19)]
  5051 | D:5      | Mangled by a two-headed ogre

Illustrated notes

Levels and vault maps discovered:
D:1:      sevenhm_arrival_forest_fort_small_4, layout_loops_ring
D:2:      layout_basic, hellmonk_ecumenical_altar_dog_temple, uniq_robin
D:3:      layout_loops_cross, uniq_grinder
D:4:      layout_loops_corners, minmay_temple_entry_statues_fountains,
          minmay_door_square
D:5:      layout_layer_cave, kennysheep_generic_room_7
D:6:      layout_loops_corners, uniq_prince_ribbit1, uniq_eustachio
Temple:   eino_narrow_crystal_temple

Skill      XL: |  1  2  3  4  5  6  7  8 |
---------------+-------------------------+-----
Axes           | 3 4 5 7 8 9 |  9.3
Armour         | 4 5 |  5.4
Shields        | 4 5 |  5.4
Fighting       | 4 |  4.0
Dodging        | 1 2 3 |  3.1

Action                   |  1- 3 |  4- 6 |  7- 9 || total
-------------------------+-------+-------+-------++-------
Melee: War axe           |    74 |    89 |    56 ||   219
       Headbutt          |     5 |     6 |    11 ||    22
  Use: Scroll            |     2 |     3 |       ||     5
       Potion            |       |     4 |     1 ||     5
Armor: Scale mail        |    37 |    46 |    18 ||   101
Dodge: Dodged            |    35 |    48 |    28 ||   111
Block: Buckler           |    13 |    20 |     8 ||    41
